 Dungeon Crawl Stone Soup version 0.29.1-13-g9f3cf754e1 (webtiles) character file.

Game seed: 14404793219788157709

100 shadowmeld the Insei (level 5, -6/40 HPs)
             Began as a Djinni Monk on Jan 29, 2023.
             Mangled by an orc
             ... wielding a +0 war axe
              (9 damage)
             ... on level 4 of the Dungeon.
             The game lasted 00:10:34 (3159 turns).

shadowmeld the Insei (Djinni Monk)                  Turns: 3159, Time: 00:10:35

Health: -6/40      AC:  5    Str: 18    XL:     5   Next: 3%
Gold:   235        EV: 12    Int: 11    God:
                   SH:  0    Dex: 16

rFire   + . .      SeeInvis .     - Unarmed
rCold   . . .      Faith    .   (no shield)
rNeg    . . .      Spirit   .   f - +0 ring mail
rPois   ∞          Reflect  .   (no helmet)
rElec   .          Harm     .   (no cloak)
rCorr   .          Rampage  .   (no gloves)
Will    .....                   (boots unavailable)
Stlth   +.........              (no amulet)
HPRegen 0.13/turn               i - +6 ring of strength
MPRegen 0.00/turn               j - ring of ice

@: flying
A: sickness immunity, fire resistance 2, cold vulnerability 1, float, innate
caster, HP casting, extra vitality 1
a: no special abilities


You were on level 4 of the Dungeon.
You visited 1 branch of the dungeon, and saw 5 of its levels.

You collected 235 gold pieces.

Inventory:

Hand Weapons
 n - a +0 short sword
Missiles
 k - a throwing net (quivered)
Armour
 f - a +0 ring mail (worn)
Jewellery
 a - a ring of protection from cold
 d - a +6 ring of strength
 i - a +6 ring of strength (left hand)
 j - a ring of ice (right hand)
Scrolls
 g - a scroll of enchant armour
 h - a scroll of butterflies
Potions
 b - a potion of ambrosia
 c - a potion of might {unknown}
 e - a potion of curing {unknown}
 l - a potion of invisibility {unknown}
 m - a potion of attraction {unknown}


   Skills:
 * Level 3.6 Fighting
 * Level 1.2 Armour
 * Level 3.8 Dodging
 - Level 1.7 Stealth
 * Level 4.0 Unarmed Combat
 * Level 0.2 Spellcasting


You had one spell level left.
You knew the following spells:

 Your Spells              Type           Power      Damage    Failure   Level
a - Freeze                Ice            4%         1d3       50%         1
b - Passwall              Tmut/Erth      0%         N/A       63%         2
Your spell library was empty.

Dungeon Overview and Level Annotations

Branches:
Dungeon (5/15)
 Temple: D:4-7

Altars:
Trog


Innate Abilities, Weirdness & Mutations

You are immune to sickness and miasma.
You are immune to poison.
Your flesh is very heat resistant. (rF++)
You are vulnerable to cold. (rC-)
You float through the air rather than walking.
You learn spells naturally, not from books.
Your magical power is your life essence.
You have superior vitality. (+4 MHP)


Message History

Things that are here:
a +0 club; an orc corpse You see here a +0 spear.
An ogre comes into view. It is wielding a +0 giant spiked club.
Things that are here:
a +0 club; an orc corpse
Things that are here:
a +0 short sword; a +0 scale mail; an orc corpse
Things that are here:
a +0 club; an orc corpse You see here a +0 spear.
A hobgoblin comes into view.
Found 5 stones.
You hit the hobgoblin.
You kill the hobgoblin!
Unknown command.
The orc shouts! x2
There is a stone staircase leading down here.
You fly downwards.
Found a knobbly pearl ring.
There is a stone staircase leading up here.
You start resting.
HP restored.
a - a ring of protection from cold
There is a stone staircase leading up here.
You fly upwards.
The orc barely misses you. x2
The ogre hits you with a +0 giant spiked club!
The orc barely misses you. The orc closely misses you.
There is a stone staircase leading down here.
You hit the orc but do no damage.
The ogre hits you with a +0 giant spiked club!!
Ouch! That really hurt!
* * * LOW HITPOINT WARNING * * *
The orc closely misses you. The orc hits you with a +0 war axe.
* * * LOW HITPOINT WARNING * * *
You hit the orc but do no damage. The orc hits you with a +0 whip.
* * * LOW HITPOINT WARNING * * *
The orc barely misses you. The ogre barely misses you.
The orc barely misses you. The orc hits you with a +0 war axe!
You die...

..........................## #..
..............#............###...
............##.....[...........(.
...........###.?........###......
...........##.....[))..## ##....#
.......................# #..###
..................[...## ##..#
.......o)##..# #..#
..[....@>O..## #..##
.......o....### ###...#
......##......####.....# ......
###.............. .....
#..#........... .....
#..###....#####. .... #..# ##...#
# .... #..## #...# #.. #...#


You could see an ogre and 2 orcs.

Vanquished Creatures
  2 adders
  2 dart slugs
  4 orcs
  5 ball pythons
  5 endoplasms
  A giant cockroach (D:2)
  8 hobgoblins
  4 jackals
  7 quokkas
  6 bats
  3 frilled lizards
  8 goblins
  7 kobolds
  3 rats (D:1)
65 creatures vanquished.

Vanquished Creatures (others)
  A plant (D:2)
1 creature vanquished.

Grand Total: 66 creatures vanquished

Notes
Turn   | Place    | Note
-------+----------+-------------------------------------------
     0 | D:1      | shadowmeld the Djinni Monk began the quest for the Orb.
     0 | D:1      | Reached XP level 1. HP: 20/20 MP: 0/0
   287 | D:1      | Reached XP level 2. HP: 23/25 MP: 0/0
   677 | D:1      | Reached XP level 3. HP: 30/30 MP: 0/0
   677 | D:1      | Learned a level 1 spell: Freeze
  1655 | D:2      | Reached XP level 4. HP: 35/35 MP: 0/0
  2095 | D:3      | Reached skill level 1 in Armour
  2355 | D:3      | Found a bloodstained altar of Trog.
  2890 | D:4      | Reached skill level 4 in Unarmed Combat
  2890 | D:4      | Reached XP level 5. HP: 17/40 MP: 0/0
  2890 | D:4      | Learned a level 2 spell: Passwall
  2900 | D:4      | Noticed an ogre
  2931 | D:5      | Entered Level 5 of the Dungeon
  3159 | D:4      | Mangled by an orc

Illustrated notes

Levels and vault maps discovered:
D:1:      dpeg_arrival_simpleton_b, layout_loops_ring
D:2:      minmay_angry_zag, layout_basic, wad_floor_pattern_untrapped,
          serial_bayou_crossing
D:3:      layout_loops_ring, trog_hazing_becter
D:4:      layout_layer_cave, mainiacjoe_overflow_24_doors, serial_shops,
          nicolae_shop_statue_plus
D:5:      layout_rooms, serial_shops, nicolae_take_the_stairs

Skill      XL: |  1  2  3  4 |
---------------+-------------+-----
Armour         | 1 |  1.2
Unarmed Combat | 4 |  4.0
Fighting       | |  3.6
Dodging        | |  3.8
Stealth        | |  1.7
Spellcasting   | |  0.2

Action                   |  1- 3 |  4- 6 || total
-------------------------+-------+-------++-------
Melee: Unarmed           |   140 |   105 ||   245
       Punch             |     4 |     5 ||     9
  Use: Scroll            |       |     2 ||     2
 Stab: Sleeping          |     3 |     2 ||     5
Armor: Leather armour    |    18 |       ||    18
       Ring mail         |    33 |    27 ||    60
Dodge: Dodged            |    96 |    71 ||   167
